 Dungeon Crawl Stone Soup version 0.27-a0-1147-gb3d8e82157 (webtiles) character file.

Game seed: 9783156679718219509

144 Sweetruy1997 the Chiller (level 5, -1/28 HPs)
             Began as a Gargoyle Ice Elementalist on May 11, 2021.
             Slain by Sigmund
             ... wielding a +3 scythe
              (3 damage)
             ... on level 4 of the Dungeon on May 12, 2021.
             The game lasted 00:13:31 (3372 turns).

Sweetruy1997 the Chiller (GrIE)                     Turns: 3372, Time: 00:13:32

Health: -1/28      AC:  8    Str: 11    XL:     5   Next: 27%
Magic:  10/18      EV: 11    Int: 17    God:
Gold:   152        SH:  0    Dex: 10    Spells: 2/10 levels left

rFire    . . .     SeeInvis .   q - +0 spear (vorpal)
rCold    . . .     Faith    .   (no shield)
rNeg     + . .     Spirit   .   e - +0 leather armour {Will+}
rPois    ∞         Reflect  .   (no helmet)
rElec    +         Harm     .   (no cloak)
rCorr    .         Rampage  .   h - +0 pair of gloves
Will     +....                  (no boots)
Stlth    ++........             (no amulet)
HPRegen  0.09/turn              l - ring of magical power
MPRegen  0.16/turn              (no ring)

@: freezing walls, hasted, very quick
A: sickness immunity, AC +4, negative energy resistance 1, electricity
resistance, torment resistance 1, petrification resistance
a: no special abilities


You were on level 4 of the Dungeon.
You visited 1 branch of the dungeon, and saw 4 of its levels.

You collected 152 gold pieces.

Inventory:

Hand Weapons
 q - a +0 vorpal spear (weapon)
Armour
 e - a +0 leather armour of willpower (worn)
 h - a +0 pair of gloves (worn)
Jewellery
 l - a ring of magical power (left hand)
Scrolls
 a - a scroll of vulnerability {unknown}
 b - a scroll of fear {unknown}
 d - a scroll of acquirement {unknown}
 f - a scroll of immolation
 g - a scroll of fog {unknown}
 j - a scroll of enchant weapon {unknown}
 k - a scroll of blinking {unknown}
 p - a scroll of holy word {unknown}
 r - a scroll of identify {unknown}
Potions
 c - a potion of mutation {unknown}
 i - a potion of haste
 m - 2 potions of degeneration {unknown}
 n - a potion of ambrosia {unknown}
 o - a potion of curing {unknown}


   Skills:
 + Level 0.1 Fighting
 - Level 0.5 Short Blades
 + Level 1.2 Armour
 + Level 1.8 Dodging
 + Level 2.7 Stealth
 + Level 3.2 Spellcasting
 + Level 5.0 Ice Magic


You had 2 spell levels left.
You knew the following spells:

 Your Spells              Type           Power      Damage    Failure   Level
a - Freeze                Ice            76%        1d9       2%          1
b - Frozen Ramparts       Ice            38%        1d5       9%          3
c - Hailstorm             Conj/Ice       11%        3d5       63%         4

Your spell library contained the following spells:

 Spells                   Type           Power      Damage    Failure   Level
 Ozocubu's Armour         Ice            19%        N/A       9%          3
 Metabolic Englaciation   Hex/Ice        5%         N/A       92%         5


Dungeon Overview and Level Annotations

Branches:
Dungeon (4/15)
 Temple: D:4-7

Altars:
Kikubaaqudgha
Yredelemnul

Annotations:
D:4 Sigmund


Innate Abilities, Weirdness & Mutations

You are immune to sickness and miasma.
Your stone body is resilient. (AC +4)
You are immune to poison.
You resist negative energy. (rN+)
You are resistant to electric shocks. (rElec)
You are resistant to unholy torment.
You are immune to petrification.


Message History

You can't see any susceptible monsters within range! (Use Z to cast anyway.)
Something hits you but does no damage.
Casting: Frozen Ramparts (quite dangerous; 9% risk of failure)
Confirm with . or Enter, or press ? or * to list all spells.
The spell is quite dangerous to cast (9% risk of failure)!
Continue anyway?
Casting: Frozen Ramparts (quite dangerous; 9% risk of failure)
Press: ? - help, Dir - look around, f - activate The walls around you are covered in ice.
The wall freezes the water moccasin.
The wall freezes something.
Something hits you.
The wall freezes the water moccasin.
Aiming: Freeze (safe; 2% risk of failure)
Press: ? - help, Q - select action Shift-Dir - straight line, f - water moccasin
Aim: a water moccasin You freeze the water moccasin.
The water moccasin is lightly wounded.
The water moccasin seems to slow down.
The wall freezes something.
Something hits you.
The wall freezes the water moccasin.
The water moccasin bites you but does no damage.
Aiming: Freeze (safe; 2% risk of failure)
Press: ? - help, Q - select action Shift-Dir - straight line, f/p - water moccasin
Aim: a water moccasin (moderately wounded, slow)
You freeze the water moccasin!
The water moccasin is heavily wounded.
The wall freezes something.
Something hits you but does no damage.
The wall freezes the water moccasin.
The water moccasin seems to slow down.
The water moccasin bites you.
* * * LOW HITPOINT WARNING * * *
Aiming: Freeze (safe; 2% risk of failure)
Press: ? - help, Q - select action Shift-Dir - straight line, f/p - water moccasin
Aim: a water moccasin (severely wounded, slow)
You freeze the water moccasin.
The water moccasin is severely wounded.
The wall freezes something.
Something hits you.
* * * LOW HITPOINT WARNING * * *
It was a potion of haste.
You feel yourself speed up.
The wall freezes the water moccasin.
The water moccasin seems to slow down.
The water moccasin bites you but does no damage.
The wall freezes something.
Something hits you.
You die...

..........##
...........#
...........#
...........#
..........##
##.........#
####
##......).##
##..#
#.......#{S#
#...#
#...###..#@.##
#...# ...#
#####..# #...#
... #..##
##..## ##..#
#...# #..##
#.).#
##..###...#
###....##...#
#...........#
......####...##


You could see a water moccasin (slow).

Vanquished Creatures
  A hound zombie (D:3)
  5 adders (D:2)
  An adder zombie (D:3)
  A dart slug (D:1)
  8 orcs
  5 bats
  8 endoplasms
  2 giant cockroaches
  11 goblins
  4 hobgoblins
  3 kobolds
  3 quokkas
  6 ball pythons
  5 frilled lizards
  7 rats
70 creatures vanquished.

Notes
Turn   | Place    | Note
-------+----------+-------------------------------------------
     0 | D:1      | Sweetruy1997 the Gargoyle Ice Elementalist began the quest
                  | for the Orb.
     0 | D:1      | Reached XP level 1. HP: 10/10 MP: 3/3
   364 | D:1      | Reached XP level 2. HP: 15/15 MP: 0/5
   960 | D:2      | Found a faded altar of an unknown god.
   969 | D:2      | Reached XP level 3. HP: 19/19 MP: 3/6
   975 | D:2      | Learned a level 3 spell: Frozen Ramparts
  1023 | D:2      | Found an ancient bone altar of Kikubaaqudgha.
  1335 | D:2      | Reached XP level 4. HP: 24/24 MP: 4/8
  1503 | D:2      | Learned a level 4 spell: Hailstorm
  3024 | D:3      | Reached XP level 5. HP: 23/28 MP: 9/9
  3035 | D:3      | Reached skill level 1 in Armour
  3035 | D:3      | Reached skill level 5 in Ice Magic
  3143 | D:3      | Found a basalt altar of Yredelemnul.
  3358 | D:4      | Noticed Sigmund
  3364 | D:4      | Noticed a water moccasin
  3372 | D:4      | Slain by Sigmund

Illustrated notes

Levels and vault maps discovered:
D:1:      minmay_arrival_five_plusses, layout_rooms, chequers_jeans,
          minivault_27, minivault_5
D:2:      layout_basic, ebering_ecumenical_altar_petrified, basic_altar
D:3:      layout_loops_corners, lemuel_zombie_altar_yredelemnul, st_stairs_2,
          corner_web_ring
D:4:      layout_cave_pods, okawaru_gym_becter, minmay_puff, uniq_sigmund,
          uniq_crazy_yiuf_cottage, uniq_ijyb

Skill      XL: |  1  2  3  4  5 |
---------------+----------------+-----
Spellcasting   | 3 |  3.2
Armour         | 1 |  1.2
Ice Magic      | 5 |  5.0
Fighting       | |  0.1
Short Blades   | |  0.5
Dodging        | |  1.8
Stealth        | |  2.7

Action                   |  1- 3 |  4- 6 || total
-------------------------+-------+-------++-------
Melee: Dagger            |    13 |     7 ||    20
       Spear             |       |    21 ||    21
Throw: Throwing net      |     2 |       ||     2
 Cast: Freeze            |    39 |    52 ||    91
       Frozen Ramparts   |       |     7 ||     7
  Use: Scroll            |     1 |       ||     1
       Potion            |       |     1 ||     1
 Stab: Sleeping          |     1 |     5 ||     6
Armor: Robe              |     5 |       ||     5
       Leather armour    |    11 |    26 ||    37
Dodge: Dodged            |    23 |    40 ||    63

Table legend: (Time is in decaauts)
 A = Elapsed time spent in this place.
 B = Non-inter-level travel time spent in this place.
 C = Inter-level travel time spent in this place.
 D = Time resting spent in this place.
 E = Time spent auto-exploring this place.
 F = Levels seen in this place.
 G = Mean time per level.
                   A        B        C        D        E       F      G
               +--------+--------+--------+--------+--------+-----+--------+
         Total |   3371 |   3244 |    127 |    531 |   2214 |   4 |  842.8 |
       Dungeon |   3371 |   3244 |    127 |    531 |   2214 |   4 |  842.8 |
               +--------+--------+--------+--------+--------+-----+--------+

Top non-repeatable levels by time:
     D:3: 1376 daAuts
     D:1: 956 daAuts
     D:2: 922 daAuts
     D:4: 115 daAuts
